Map: Thunderbird LE

Players

Elazer - Winner!

  • Race: Zerg Zerg
  • League: Master
  • Spawn Location: 11:00

Namshar

  • Race: Zerg Zerg
  • League: Master
  • Spawn Location: 5:00

Event: NationWars 2019

VOD

Have the link to the VOD?

Description

Time

  • Played on: Oct. 13, 2019, 1:07 p.m.
  • Length: 7:55

All games in this series

Show
View Real Time Build Order
Export as new Build Order

Elazer Zerg - Winner!

Build Orders: Hatch First 

Get SALT Encoding   

  12  0:00  Drone  
  13  0:12  Overlord  
  13  0:16  Drone  
  14  0:30  Drone x2  
  16  0:48  Hatchery  
  15  0:51  Drone  
  15  0:54  Drone  
  17  0:58  Drone  
  18  1:09  Extractor  
  17  1:13  Spawning Pool  
  17  1:15  Drone  
  17  1:19  Drone  
  18  1:27  Drone  
  19  1:39  Drone  
  20  1:49  Drone  
  21  2:00  Drone, Overlord, Queen  
  21  2:01  Queen  
  24  2:08  Metabolic Boost  
  26  2:11  Drone x2  
  28  2:21  Drone x2  
  30  2:32  Drone  
  30  2:35  Hatchery  
  30  2:39  Drone  
  30  2:44  Drone  
  32  2:47  Baneling Nest  
  32  2:49  Overlord  
  31  2:54  Drone  
  31  2:55  Drone  
  33  3:04  Drone x2  
  35  3:08  Overlord  
  35  3:09  Drone  
  35  3:10  Zergling x2  
  35  3:11  Zergling x4  
  35  3:12  Zergling x2  
  40  3:17  Queen  
  42  3:21  Drone x2  
  44  3:30  Baneling x2  
  44  3:31  Zergling x4  
  44  3:33  Queen  
  48  3:43  Drone x3  
  48  3:44  Drone  
  48  3:47  Evolution Chamber  
  48  3:48  Overlord  
  51  3:49  Drone  
  51  3:51  Drone x2  
  51  3:54  Drone x2  
  55  4:02  Overlord  
  55  4:03  Lair  
  55  4:04  Extractor  
  55  4:05  Drone  
  55  4:06  Drone  
  55  4:08  Baneling  
  56  4:14  Extractor  
  56  4:15  Drone x2, Overlord  
  56  4:16  Drone  
  58  4:21  Roach Warren  
  57  4:24  Drone  
  57  4:25  Drone x2  
  60  4:38  Drone x5, Zerg Missile Weapons Level 1, Overlord  
  59  4:41  Drone x2  
  59  4:44  Baneling  
  66  4:46  Zergling x2  
  66  4:51  Overlord  
  66  4:52  Drone  
  68  4:55  Extractor, Overlord  
  68  4:57  Extractor  
  66  5:02  Glial Reconstitution  
  66  5:03  Roach  
  66  5:04  Roach x2  
  66  5:05  Overlord  
  72  5:08  Roach x2  
  72  5:13  Roach x2  
  80  5:15  Overlord  
  80  5:21  Overlord  
  80  5:24  Roach x2  
  83  5:32  Roach x6  
  95  5:36  Overlord  
  95  5:45  Nydus Network  
  95  5:48  Overlord  
  93  5:51  Roach x4  
  101  5:58  Roach x3  
  101  6:03  Overseer  
  107  6:07  Roach x3  
  113  6:11  Roach x2  
  113  6:16  Roach  
  113  6:17  Roach x2  
  123  6:21  Nydus Canal  
  123  6:27  Roach x3  
  123  6:32  Roach x3  
  134  6:40  Roach  
  134  6:41  Nydus Canal  
  134  6:42  Roach x2  
  134  6:48  Roach x3  
  134  6:54  Roach  
  138  6:55  Nydus Canal  
  138  6:57  Roach x2  
  128  7:03  Roach x2  
  128  7:04  Roach  
  128  7:07  Roach  
  128  7:08  Roach  
  124  7:10  Roach  
  124  7:13  Roach  
  124  7:14  Roach  
  118  7:15  Roach  
  118  7:20  Roach x2  
  118  7:22  Roach  
  116  7:25  Roach x2  
  116  7:27  Roach  
  114  7:30  Roach  
  114  7:32  Roach  
  110  7:42  Nydus Canal  
Show
View Real Time Build Order
Export as new Build Order

Namshar Zerg 

Build Orders: Hatch First 

Get SALT Encoding   

  12  0:00  Drone  
  13  0:12  Overlord  
  13  0:16  Drone  
  14  0:30  Drone x2  
  16  0:46  Hatchery  
  15  0:50  Drone  
  15  0:53  Drone  
  15  0:56  Drone  
  18  1:01  Extractor  
  17  1:12  Spawning Pool  
  17  1:15  Drone  
  18  1:18  Drone  
  18  1:28  Drone  
  19  1:39  Drone  
  20  1:49  Drone  
  21  1:58  Drone  
  21  1:59  Queen x2  
  26  2:02  Metabolic Boost  
  26  2:03  Drone  
  27  2:09  Drone  
  27  2:13  Overlord  
  28  2:27  Hatchery  
  28  2:29  Drone  
  28  2:33  Drone  
  28  2:35  Zergling x2  
  30  2:37  Zergling x2  
  30  2:43  Drone  
  30  2:44  Overlord  
  32  2:56  Drone  
  33  3:00  Zergling x2  
  34  3:07  Zergling x16  
  34  3:10  Baneling Nest  
  41  3:17  Drone, Overlord  
  42  3:27  Evolution Chamber  
  42  3:30  Drone, Overlord  
  42  3:39  Drone x6  
  47  3:45  Drone  
  47  3:46  Drone  
  49  3:48  Queen  
  49  3:59  Drone  
  49  4:00  Drone x2  
  49  4:01  Zerg Missile Weapons Level 1  
  52  4:05  Baneling  
  52  4:10  Baneling  
  52  4:11  Drone x5  
  52  4:12  Overlord  
  57  4:19  Drone  
  57  4:20  Drone x3  
  57  4:23  Baneling  
  61  4:26  Overlord  
  61  4:28  Extractor  
  61  4:30  Extractor  
  59  4:32  Drone  
  59  4:36  Drone  
  59  4:37  Drone x5  
  64  4:46  Drone x5  
  64  4:52  Drone x4  
  73  4:55  Extractor  
  73  4:56  Lair, Extractor  
  73  4:57  Drone  
  73  4:58  Drone x3  
  75  5:10  Roach Warren, Extractor  
  75  5:13  Drone x2  
  75  5:15  Drone x2  
  75  5:16  Drone  
  75  5:19  Pneumatized Carapace  
  78  5:21  Drone  
  78  5:23  Overlord x2  
  79  5:34  Overlord x3  
  78  5:41  Hatchery  
  75  5:50  Overlord  
  75  5:52  Roach x11  
  75  5:54  Overlord x2  
  75  5:56  Glial Reconstitution  
  97  5:58  Overseer  
  97  6:07  Overlord  
  97  6:08  Roach  
  97  6:09  Roach x3  
  105  6:13  Roach  
  105  6:14  Roach x3  
  105  6:17  Spine Crawler  
  112  6:19  Roach  
  112  6:20  Roach  
  119  6:25  Roach  
  119  6:26  Spine Crawler, Roach x3  
  119  6:27  Spine Crawler  
  123  6:33  Roach x5  
  133  6:42  Roach x2  
  129  6:50  Roach x4  
  121  6:54  Roach  
  121  6:55  Roach  
  112  7:04  Roach x2  
  112  7:07  Roach x4  
  108  7:10  Roach x3  
  108  7:15  Roach x2  
  104  7:20  Roach  
  87  7:26  Roach x2  
  78  7:31  Roach  
  78  7:36  Roach x2  
Tags
 
Add a new tag
Caveats
  • Supply blocks, unpowered buildings, or Contaminate may cause inaccurate times.
  • Supply counts are checked every 10 seconds.